 Dungeon Crawl Stone Soup version 0.19-a0-649-gca8dce1 (webtiles) character file.

34 AlphabetPasta the Charmwright (level 3, -2/27 HPs)
             Began as a Mummy Skald on June 14, 2016.
             Killed from afar by Natasha (6 damage)
             ... with a magic dart
             ... on level 2 of the Dungeon.
             The game lasted 00:04:13 (949 turns).

AlphabetPasta the Charmwright (Mummy Skald)          Turns: 949, Time: 00:04:14

Health: -2/27      AC:  4    Str: 15    XL:     3   Next: 14%
Magic:  4/6        EV: 11    Int: 12    God:
Gold:   116        SH:  0    Dex: 11    Spells: 3 memorised, 1 level left

rFire  x . .     SeeInvis .     e - +0 hand axe
rCold  + . .     Gourm    .     a - +0 leather armour
rNeg   + + +     Faith    .     (no shield)
rPois  ∞         Spirit   .     (no helmet)
rElec  .         Dismiss  .     c - +0 cloak
rCorr  .         Reflect  .     (no gloves)
SustAt .         Harm     .     (no boots)
MR     .....                    (no amulet)
Stlth  +.........               (no ring)
                                (no ring)

@: infused (expiring), not resistant to hostile enchantments, very unstealthy
A: no food or potions, fire vulnerability, cold resistance 1, negative energy
resistance 3, torment resistance, unbreathing
a: no special abilities


You were on level 2 of the Dungeon.
You were not hungry.

You visited 1 branch of the dungeon, and saw 2 of its levels.

You collected 116 gold pieces.

Inventory:

Hand Weapons
 e - a +0 hand axe (weapon)
Armour
 a - a +0 leather armour (worn)
 c - a +0 cloak (worn)
Jewellery
 g - an uncursed ring of ice {unknown}
 j - an uncursed amulet of the gourmand {unknown}
Scrolls
 d - 6 scrolls of identify {unknown}
 f - a scroll of enchant weapon {unknown}
 h - a scroll of amnesia {unknown}
 i - a scroll of enchant armour {unknown}
 k - a scroll of recharging {unknown}
 l - a scroll of random uselessness {unknown}
Books
 b - a book of Battle

   Spells                             Type                      Level
   a - Infusion                       Charms                       1
   b - Shroud of Golubria             Charms/Translocation         2
   c - Song of Slaying                Charms                       2
   d - Spectral Weapon                Hexes/Charms                 3
   e - Regeneration                   Charms/Necromancy            3


   Skills:
 + Level 2.2 Fighting
 * Level 1.0 Axes
 + Level 1.1 Armour
 + Level 1.2 Dodging
 - Level 1.5 Unarmed Combat
 + Level 2.2 Spellcasting
 + Level 2.6 Charms
 + Level 0.0 Translocations


You had one spell level left.
You knew the following spells:

 Your Spells              Type           Power        Failure   Level  Hunger
a - Infusion              Chrm           #...         12%         1    N/A
b - Song of Slaying       Chrm           #.......     17%         2    N/A
c - Shroud of Golubria    Chrm/Tloc      #.........   34%         2    N/A

Dungeon Overview and Level Annotations

Branches:
Dungeon (2/15)

Altars:

Annotations:
D:2 Natasha


Innate Abilities, Weirdness & Mutations

You do not eat or drink.
Your flesh is vulnerable to fire.
You are immune to poison.
Your flesh is cold resistant. (rC+)
You are immune to negative energy. (rN+++)
You are immune to unholy pain and torment.
You can survive without breathing.


Message History

The magic dart hits you! Natasha closely misses you.
You hit Natasha but do no damage. Natasha casts a spell at you.
The magic dart hits you!
* * * LOW HITPOINT WARNING * * *
You barely miss Natasha. You hit the white imp but do no damage.
The white imp gestures at you. The puff of frost misses you. Natasha claws you.
* * * LOW HITPOINT WARNING * * *
You barely miss Natasha. You hit the white imp.
The white imp is moderately wounded.
The white imp barely misses you. Natasha barely misses you.
You closely miss Natasha. You completely miss the white imp.
The white imp is moderately wounded.
Your magical infusion is running out.
The white imp closely misses you. Natasha completely misses you.
The white imp misses you.
Natasha stares at you and mumbles some strange words.
The magic dart hits you!
You die...

#.........# #.........
#.........# #.........
#.........#####....(....
#.......................
#.................).....
#......†................
#....<................†.
#.......<............!.†.
#.......@..###.#######+##
........5h†...#.#######.##
...........?.............%
##.###.#$#......#######.##
#. #...#####..# #.## ##..
..# ####... #..
#+#####...... ##.
..........#.#
..........#.#


You could see Natasha and a white imp.

Vanquished Creatures
  3 dart slugs (D:1)
  A giant gecko (D:2)
  A giant cockroach (D:2)
  5 goblins (D:1)
  2 hobgoblins
  2 kobolds (D:1)
  A quokka (D:2)
  4 bats (D:1)
  2 giant newts (D:2)
  7 rats
28 creatures vanquished.

Notes
Turn   | Place    | Note
--------------------------------------------------------------
     0 | D:1      | AlphabetPasta the Mummy Skald began the quest for the Orb.
     0 | D:1      | Reached XP level 1. HP: 16/16 MP: 3/3
   351 | D:1      | Reached skill level 1 in Dodging
   423 | D:1      | Reached XP level 2. HP: 18/22 MP: 5/5
   449 | D:1      | Reached skill level 1 in Armour
   861 | D:2      | Reached XP level 3. HP: 22/27 MP: 6/6
   901 | D:2      | Learned a level 2 spell: Song of Slaying
   904 | D:2      | Learned a level 2 spell: Shroud of Golubria
   940 | D:2      | Noticed Natasha
   945 | D:2      | Reached skill level 1 in Axes
   949 | D:2      | Killed from afar by Natasha

Vault maps used:
D:1:      minmay_arrival_hallway
D:2:      uniq_natasha

Skill      XL: |  1  2  3 |
---------------+----------+-----
Dodging        | 1 |  1.2
Armour         | 1 |  1.1
Axes           | 1 |  1.0
Fighting       | |  2.2
Unarmed Combat | |  1.5
Spellcasting   | |  2.2
Charms         | |  2.6

Action                   || total
-------------------------++-------
Melee: Unarmed           ||    28
       Hand axe          ||    74
 Cast: Infusion          ||     5
Armor: Leather armour    ||    32
Dodge: Dodged            ||    79
